 Dungeon Crawl Stone Soup version 0.28-a0-1159-g27aa881441 (webtiles) character file.

Game seed: 9812090394360447292

1483 spiderkeys the Chopper (level 8, -1/67 HPs)
             Began as a Palentonga Abyssal Knight on Dec 15, 2021.
             Was a Priest of Lugonu.
             Splashed by a jelly's acid (11 damage)
             ... on level 6 of the Dungeon.
             The game lasted 00:06:28 (5094 turns).

spiderkeys the Chopper (Palentonga Abyssal Knight)  Turns: 5094, Time: 00:06:28

Health: -1/67      AC: -2    Str: 20    XL:     8   Next: 50%
Magic:  12/12      EV: 10    Int: 11    God:    Lugonu [***...]
Gold:   232        SH:  0    Dex: 10    Spells: 7/7 levels left

rFire   + + .      SeeInvis +   s - +0 war axe
rCold   . . .      Faith    .   (no shield)
rNeg    . . .      Spirit   .   b - +1 leather armour
rPois   +          Reflect  .   t - +1 hat "Wameg" {+Blink rF++ Str+3 Dex-2}
rElec   .          Harm     .   (no cloak)
rCorr   .          Rampage  .   (no gloves)
Will    .....                   (no barding)
Stlth   +.........              (no amulet)
HPRegen 0.21/turn               P - ring of poison resistance
MPRegen 0.13/turn               (no ring)

@: corroded, curled up
A: large, rugged brown scales 3, see invisible, deformed body, roll 1, armoured
tail, reflexive curl
a: Rolling Charge, Renounce Religion, Evoke Blink, Depart the Abyss, Bend Space,
Banish


You were on level 6 of the Dungeon.
You worshipped Lugonu.
Lugonu was most pleased with you.
You visited 1 branch of the dungeon, and saw 6 of its levels.
You visited the Abyss 1 time.

You collected 232 gold pieces.


Innate Abilities, Weirdness & Mutations

You are completely covered in rugged brown scales. (AC +3, +7% HP)
You have supernaturally acute eyesight. (SInv)
Armour fits poorly on your strangely shaped body.
You can roll at nearby foes to attack.
You have a long armoured tail.
You curl defensively after being hit. (AC +7*)


   Skills:
 + Level 5.6 Fighting
 * Level 6.9 Axes
 - Level 1.5 Armour
 + Level 3.8 Dodging
 + Level 5.5 Invocations


You had 7 spell levels left.
You didn't know any spells.
Your spell library contained the following spells:

 Spells                   Type           Power      Damage    Failure   Level
 Shock                    Conj/Air       0%         1d3       38%         1
 Gell's Gravitas          Tloc           0%         N/A       77%         3
 Lesser Beckoning         Tloc           0%         N/A       77%         3
 Swiftness                Air            0%         N/A       77%         3
 Teleport Other           Tloc           0%         N/A       77%         3
 Airstrike                Air            0%         N/A       99%         4

Inventory:

Hand Weapons
 a - a +1 hand axe
 s - a +0 war axe (weapon)
   (You found it on level 4 of the Dungeon)
Missiles
 e - 190 stones
 g - 50 sling bullets
 j - 43 bolts
 k - 25 arrows
 B - 11 poisoned darts
 G - 3 javelins
Armour
 b - a +1 leather armour (worn)
 t - the +1 hat "Wameg" (worn) {+Blink rF++ Str+3 Dex-2}
   (You found it on level 4 of the Dungeon)

   Str:       It affects your strength (+3).
   Dex:       It affects your dexterity (-2).
   rF:        It greatly protects you from fire.
   +Blink:    It lets you blink.
 x - a +0 cloak
   (You found it on level 5 of the Dungeon)
Jewellery
 P - a ring of poison resistance (left hand)
   (You found it on level 3 of the Dungeon)
Wands
 c - a wand of acid (1)
   (You found it on level 2 of the Abyss)
 o - a wand of polymorph (13)
   (You found it on level 6 of the Dungeon)
 r - a wand of paralysis (3)
   (You found it on level 4 of the Dungeon)
 E - a wand of charming (8)
   (You found it on level 5 of the Dungeon)
 F - a wand of flame (26)
   (You found it on level 5 of the Dungeon)
Scrolls
 f - a scroll of holy word
 i - a scroll of silence {!r}
 n - 2 scrolls of enchant armour
 p - a scroll of fear
 q - a scroll of magic mapping {!r}
 y - 3 scrolls of teleportation {@r4}
 A - a scroll of vulnerability {!r!r}
 D - a scroll of amnesia
 H - 2 scrolls of enchant weapon
 J - a scroll of fog
Potions
 d - a potion of attraction {unknown}
 h - a potion of lignification {unknown}
 l - a potion of mutation {unknown}
 m - 5 potions of curing {unknown}
 u - a potion of flight {unknown}
 v - 2 potions of might {unknown}
 w - a potion of heal wounds {unknown}
 z - 2 potions of degeneration {unknown}
 C - a potion of ambrosia {unknown}
 I - a potion of brilliance {unknown}

Dungeon Overview and Level Annotations

Branches:
Dungeon (6/15)             Temple (0/1) D:5

Altars:
Elyvilon
Gozag

# #######.# #.##.......#
.# #..(.......# ..
......#....)..####.# #
.###....>...†.......
#>.........#############
#..#.......# #.......<
.......J...# #.#######
....####@#### #.# ...##
#.# #.# #.# #.#
#.########.#
#..........#
############


You could see a jelly.


Message History

😕 HP[-1]
You take 1 damage, and now have 66/67 hp.
You barely miss the howler monkey. You tail-slap the howler monkey!
The howler monkey hoots and howls with incredible vigour!
The howler monkey closely misses you. 😎 HP[+1]
Your hp is fully restored (67).
You barely miss the howler monkey. The howler monkey hits you. 😕 HP[-3]
You take 3 damage, and now have 64/67 hp.
You slash the howler monkey! You tail-slap the howler monkey.
You kill the howler monkey!
Lugonu accepts your kill.
The ogre hits you with a +0 giant club!! 😮 HP[-27]
You take 27 damage, and now have 37/67 hp.
MASSIVE DAMAGE!! (PAUSE) Space bends sharply around you!
You blink. 😮 HP[-2] MP[-1]
You take 2 damage, and now have 35/67 hp.
You lost 1 mp, and now have 11/12 mp.
Unknown command.
Okay, then.
Aiming: Paralyse
Press: ? - help, Shift-Dir - straight line, f - ogre
Aim: an ogre, wielding a +0 giant club (chance to affect: 46%)
The ogre resists with some effort. 😮 HP[+1]
Aiming: Paralyse
Press: ? - help, Shift-Dir - straight line, f/p - ogre
Aim: an ogre, wielding a +0 giant club (chance to affect: 46%)
The ogre suddenly stops moving!
You are too injured to fight recklessly!
You are too injured to fight recklessly!
Roll where?
Press: ? - help, Dir - move target, f/p - ogre
Aim: an ogre, wielding a +0 giant club (paralysed)
You roll forward with a clatter of scales!
Found a stone staircase leading down.
The helpless ogre fails to defend itself.
You slice the ogre!! You tail-slap the ogre.
You kill the ogre!
Lugonu accepts your kill.
A jelly comes into view. 😮 HP[+1] MP[+1]
Your mp is fully restored (12).
A jelly is nearby!
A jelly is nearby!
A jelly is nearby! 😮 HP[+1] 😮 HP[+1]
You start resting.
A jelly is nearby! 😕 HP[+19]
You regained 19 hp, and now have 58/67 hp.
A jelly is nearby!
You roll forward with a clatter of scales!
The jelly quivers.
You slash the jelly!
Your hands burn!
You tail-slap the jelly. The jelly barely misses you. 😕 HP[-4]
You take 4 damage, and now have 54/67 hp.
You hit the jelly but do no damage.
Your hands burn!
The jelly barely misses you. 😕 HP[-2]
You take 2 damage, and now have 52/67 hp.
You completely miss the jelly. The jelly hits you. The acid corrodes you!
You are splashed with acid! 😮 HP[-11]
You take 11 damage, and now have 41/67 hp.
You are too injured to fight recklessly!
You are too injured to fight recklessly!
You are too injured to fight recklessly!
You hit the jelly but do no damage. The acid corrodes you!
Your hands burn!
You tail-slap the jelly, but do no damage.
The jelly barely misses you. 😮 HP[-2]
You take 2 damage, and now have 39/67 hp.
You hit the jelly but do no damage.
Your hands burn!
The jelly hits you. The acid corrodes you!
You are splashed with acid!
* * * LOW HITPOINT WARNING * * *
😨 HP[-12]
You take 12 damage, and now have 27/67 hp.
You hit the jelly but do no damage.
Your hands burn!
* * * LOW HITPOINT WARNING * * *
The jelly hits you.
* * * LOW HITPOINT WARNING * * *
The acid corrodes you!
You are splashed with acid!
* * * LOW HITPOINT WARNING * * *
😱 HP[-14]
You take 14 damage, and now have 13/67 hp.
MASSIVE DAMAGE!! (PAUSE)
You hit the jelly but do no damage.
Your hands burn!
* * * LOW HITPOINT WARNING * * *
You tail-slap the jelly, but do no damage.
The jelly closely misses you. The jelly hits you.
* * * LOW HITPOINT WARNING * * *
You are splashed with acid!
You die...

Skill      XL: |  1  2  3  4  5  6  7  8 |
---------------+-------------------------+-----
Fighting       | 4 5 |  5.6
Axes           | 4 5 6 |  6.9
Dodging        | 2 3 |  3.8
Invocations    | 3 4 5 |  5.5
Armour         | |  1.5

Action                   |  1- 3 |  4- 6 |  7- 9 || total
-------------------------+-------+-------+-------++-------
Melee: Hand axe          |       |   138 |       ||   138
       Tailslap          |       |    22 |    14 ||    36
       War axe           |       |     4 |   118 ||   122
Invok: Bend Space        |       |       |     1 ||     1
 Abil: Rolling Charge    |       |     6 |    13 ||    19
Evoke: Wand              |     5 |     3 |     5 ||    13
  Use: Scroll            |     1 |     4 |     9 ||    14
 Stab: Paralysed         |       |     6 |    11 ||    17
       Sleeping          |       |     2 |       ||     2
Armor: Leather armour    |       |    31 |    41 ||    72
Dodge: Dodged            |     1 |    73 |    69 ||   143

Levels and vault maps discovered:
D:1:      heliophobic_arrival_enchanted_forest, layout_loops_ring
D:2:      layout_loops_ring, grunt_ministairs_2, st_stairs_13
D:3:      layout_basic, uniq_grinder, uniq_ijyb, uniq_sigmund, uniq_robin
D:4:      layout_loops_cross, overflow_temple_1_default
D:5:      layout_gridville, mainiacjoe_overflow_concentric_impassable,
          minmay_temple_entry_butterflies, roderic_lattice_a
D:6:      layout_loops_ring, uniq_pikel

Notes
Turn   | Place    | Note
-------+----------+-------------------------------------------
     0 | Abyss:1  | spiderkeys the Palentonga Abyssal Knight began the quest
                  | for the Orb.
     0 | Abyss:1  | Reached XP level 1. HP: 19/19 MP: 2/2
     0 | Abyss:1  | magus.rc [v1.9.10]
    39 | Abyss:2  | Noticed a rust devil
    49 | Abyss:2  | Killed a rust devil
    50 | Abyss:2  | Reached skill level 4 in Fighting
    50 | Abyss:2  | Reached skill level 4 in Axes
    50 | Abyss:2  | Reached skill level 2 in Dodging
    50 | Abyss:2  | Reached skill level 3 in Invocations
    50 | Abyss:2  | Reached XP level 2. HP: 10/26 MP: 2/4
    50 | Abyss:2  | Reached XP level 3. HP: 13/32 MP: 2/5
    50 | Abyss:2  | Reached XP level 4. HP: 16/39 MP: 2/6
    50 | Abyss:2  | Reached XP level 5. HP: 18/44 MP: 2/7
    50 | Abyss:2  | Reached XP level 6. HP: 21/51 MP: 2/8
    51 | Abyss:2  | Noticed an apocalypse crab
    53 | D:1      | You pass through the gate.
    53 | D:1      | Escaped the Abyss
  1026 | D:2      | Reached ** piety under Lugonu
  1668 | D:3      | You pick up a book of Air and begin reading...
  1668 | D:3      | You add the spells Shock, Swiftness and Airstrike to your
                  | library.
  1701 | D:3      | You fall into a shaft and drop 3 floors!
  1958 | D:5      | Entered Level 5 of the Dungeon
  1964 | D:4      | Noticed an ice beast
  2003 | D:4      | Killed an ice beast
  2004 | D:4      | Reached skill level 4 in Invocations
  2133 | D:4      | Identified the +1 hat "Wameg" {+Blink rF++ Str+3 Dex-2}
  2289 | D:4      | Found a white marble altar of Elyvilon.
  2307 | D:4      | Reached skill level 5 in Axes
  2307 | D:4      | Gained mutation: You curl defensively after being hit. (AC
                  | +7*) [Palentonga growth]
  2307 | D:4      | Reached XP level 7. HP: 27/58 MP: 10/10
  2578 | D:3      | Noticed Grinder
  2579 | D:3      | Paralysed by Grinder for 3 turns
  2588 | D:3      | Killed Grinder
  2589 | D:3      | Reached skill level 3 in Dodging
  2626 | D:3      | Noticed Ijyb
  2647 | D:3      | Killed Ijyb
  2648 | D:3      | Reached skill level 5 in Fighting
  2880 | D:3      | Noticed Sigmund
  2888 | D:3      | Killed Sigmund
  2889 | D:3      | Reached skill level 6 in Axes
  2889 | D:3      | Reached XP level 8. HP: 55/66 MP: 11/11
  3002 | D:3      | Noticed Robin
  3006 | D:3      | Reached skill level 5 in Invocations
  3011 | D:3      | Reached *** piety under Lugonu
  3016 | D:3      | Killed Robin
  4021 | D:5      | Found an opulent altar of Gozag.
  4478 | D:5      | Found a staircase to the Ecumenical Temple.
  4504 | D:5      | You pick up a book of Displacement and begin reading...
  4504 | D:5      | You add the spells Lesser Beckoning, Gell's Gravitas and
                  | Teleport Other to your library.
  5093 | D:6      | HP: 13/67 [acid (8)]
  5094 | D:6      | Splashed by a jelly's acid

Vanquished Creatures
  A rust devil (Abyss:2)
  Grinder (D:3)
  Sigmund (D:3)
  An ogre (D:6)
  A black bear (D:4)
  An ice beast (D:4)
  2 lemures (D:6)
  2 bullfrogs (D:4)
  2 scorpions (D:5)
  A howler monkey (D:6)
  A hound (D:4)
  A bullfrog skeleton (D:5)
  A jelly (D:5)
  Ijyb (D:3)
  A hound skeleton (D:4)
  Robin (D:3)
  3 gnolls (D:5)
  2 adders
  5 worms
  5 dart slugs
  4 bats (D:1)
  5 endoplasms
  4 giant cockroaches
  12 goblins
  7 hobgoblins
  7 jackals
  A quokka (D:2)
  5 ball pythons
  3 frilled lizards
  3 kobolds
  3 rats
88 creatures vanquished.

Vanquished Creatures (collateral kills)
  A lemure (D:6)
1 creature vanquished.

Grand Total: 89 creatures vanquished

Table legend:
 A = Non-vault XP
 B = Vault XP
 C = Vault XP percentage of total XP
 D = Non-vault monster count
 E = Vault monster count
 F = Vault count percentage of total count
                 A         B        C        D         E       F
            +---------+---------+-------+---------+---------+-------
      Total |    1546 |     573 |  27.0 |      67 |      19 |  22.1
            +---------+---------+-------+---------+---------+-------
        D:1 |      18 |       0 |   0.0 |      11 |       0 |   0.0
        D:2 |      72 |       5 |   6.5 |      22 |       3 |  12.0
        D:3 |      14 |     568 |  97.6 |       8 |      16 |  66.7
        D:4 |     525 |       0 |   0.0 |      16 |       0 |   0.0
        D:5 |     290 |       0 |   0.0 |       7 |       0 |   0.0
        D:6 |     179 |       0 |   0.0 |       2 |       0 |   0.0
    Abyss:2 |     448 |       0 |   0.0 |       1 |       0 |   0.0
            +---------+---------+-------+---------+---------+-------

Illustrated notes

Table legend:
 A = Kills in this place as a percentage of kills in entire the game.
 B = Kills by you in this place as a percentage of kills by you in the entire game.
 C = Kills by friends in this place as a percentage of kills by friends in the entire game.
 D = Other kills in this place as a percentage of other kills in the entire game.
 E = Experience gained in this place as a percentage of experience gained in the entire game.
 F = Experience gained in this place divided by the number of levels of this place that you have seen.
                   A       B       C       D       E      F
               +-------+-------+-------+-------+-------+----------------------
         Total | 100.0 | 100.0 |   N/A |   N/A | 100.0 | 264.9
       Dungeon |  98.8 |  98.8 |   N/A |   N/A |  78.9 | 278.5
         Abyss |   1.2 |   1.2 |   N/A |   N/A |  21.1 | 224.0
               +-------+-------+-------+-------+-------+----------------------

Table legend: (Time is in decaauts)
 A = Elapsed time spent in this place.
 B = Non-inter-level travel time spent in this place.
 C = Inter-level travel time spent in this place.
 D = Time resting spent in this place.
 E = Time spent auto-exploring this place.
 F = Levels seen in this place.
 G = Mean time per level.
                   A        B        C        D        E       F      G
               +--------+--------+--------+--------+--------+-----+--------+
         Total |   5128 |   4994 |    134 |     92 |   4156 |   8 |  641.0 |
       Dungeon |   5075 |   4941 |    134 |     92 |   4155 |   6 |  845.8 |
         Abyss |     52 |     52 |      0 |      0 |      1 |   2 |   26.0 |
               +--------+--------+--------+--------+--------+-----+--------+

Top non-repeatable levels by time:
     D:5: 1096 daAuts
     D:4: 1066 daAuts
     D:3: 904 daAuts
     D:2: 820 daAuts
     D:1: 782 daAuts
     D:6: 406 daAuts
 Abyss:2: 43 daAuts
 Abyss:1: 9 daAuts
